 Dungeon Crawl Stone Soup version 0.19-b1-3-g7dea586 (webtiles) character file.

224 pokedragonboy the Skirmisher (level 5, -12/49 HPs)
             Began as a Minotaur Fighter on Oct 29, 2016.
             Killed by divine providence
             ... invoked by an orc priest
              (14 damage)
             ... on level 4 of the Dungeon.
             The game lasted 00:03:01 (1927 turns).

pokedragonboy the Skirmisher (Minotaur Fighter)     Turns: 1927, Time: 00:03:02

Health: -12/49     AC:  7    Str: 26    XL:     5   Next: 67%
Magic:  4/4        EV:  7    Int:  5    God:
Gold:   156        SH: 10    Dex: 10    Spells: 0 memorised, 4 levels left

rFire  . . .     SeeInvis .     a - +0 war axe
rCold  . . .     Gourm    .     b - +0 scale mail
rNeg   . . .     Faith    .     c - +0 shield
rPois  .         Spirit   .     (helmet restricted)
rElec  .         Reflect  .     (no cloak)
rCorr  .         Harm     .     (no gloves)
MR     .....                    (no boots)
Stlth  ..........               (no amulet)
                                (no ring)
                                (no ring)

@: mighty
A: retaliatory headbutt, horns 2
a: no special abilities


You were on level 4 of the Dungeon.
You were not hungry.

You visited 1 branch of the dungeon, and saw 4 of its levels.

You collected 156 gold pieces.

Inventory:

Hand Weapons
 a - a +0 war axe (weapon)
Armour
 b - a +0 scale mail (worn)
 c - a +0 shield (worn)
Jewellery
 i - an uncursed ring of flight {unknown}
 p - an uncursed ring of fire
Scrolls
 h - 2 scrolls of immolation
 m - a scroll of blinking
 q - a scroll of remove curse {unknown}
Potions
 j - a potion of brilliance {unknown}
 l - a potion of invisibility {unknown}
 n - a potion of lignification {unknown}
 o - a potion of cancellation {unknown}
 r - a potion of curing {unknown}
Books
 e - a book of Changes

   Spells                             Type                      Level
   a - Beastly Appendage              Transmutation                1
   b - Sticks to Snakes               Transmutation                2
   c - Spider Form                    Transmutation/Poison         3
   d - Ice Form                       Ice/Transmutation            4
   e - Blade Hands                    Transmutation                5
Comestibles
 f - 2 bread rations
 g - 2 meat rations


   Skills:
 * Level 5.6 Fighting
 * Level 5.0 Axes
 + Level 4.6 Armour
 - Level 3.6 Shields


You had 4 spell levels left.
You didn't know any spells.

Dungeon Overview and Level Annotations

Branches:
Dungeon (4/15)
 Temple: D:4-7

Altars:


Innate Abilities, Weirdness & Mutations

You reflexively headbutt those who attack you in melee.
You have a pair of horns on your head.


Message History

Unknown command.
Your shield prevents you from hitting the orc priest.
The orc priest is moderately wounded.
You closely miss the orc priest.
You hit the orc priest but do no damage.
You slash the worm!
The orc priest hits you but does no damage. x3
Unknown command.
You barely miss the orc priest. You headbutt the orc priest!
The orc priest is almost dead.
You hit the orc priest. You barely miss the orc priest. You hit the worm.
The orc priest closely misses you.
The orc priest mumbles some strange prayers to Beogh against you.
Beogh smites you!
* * * LOW HITPOINT WARNING * * *
The worm bites you.
* * * LOW HITPOINT WARNING * * *
The orc priest invokes the aid of Beogh against you.
Beogh smites you!
You die...

..............
.............
............
........... ..........
#.........
.#####wo.......
......o@o...... ..
##.............
#.#######.####......#.
#.......#.# ##...##.#
#.........###...###...
......................
.................#...
.........#..........#
........##.........##


You could see a worm and 3 orc priests.

Vanquished Creatures
  Jessica (D:3)
  Natasha (thrice) (D:2)
  A worker ant (D:3)
  4 adders
  An ooze (D:4)
  3 dart slugs (D:1)
  A leopard gecko (D:1)
  3 orcs
  4 bats
  2 giant cockroaches (D:3)
  5 goblins
  10 hobgoblins
  3 kobolds
  2 quokkas (D:3)
  A ball python (D:1)
  6 frilled lizards
  A quokka zombie (D:3)
  5 rats
56 creatures vanquished.

Vanquished Creatures (others)
  4 toadstools (D:1)
4 creatures vanquished.

Grand Total: 60 creatures vanquished

Notes
Turn   | Place    | Note
-------+----------+-------------------------------------------
     0 | D:1      | pokedragonboy the Minotaur Fighter began the quest for the Orb.
     0 | D:1      | Reached XP level 1. HP: 19/19 MP: 0/0
   152 | D:1      | Reached XP level 2. HP: 27/27 MP: 1/1
   698 | D:2      | Reached XP level 3. HP: 33/33 MP: 2/2
   967 | D:2      | Noticed Natasha
   974 | D:2      | Killed Natasha
   974 | D:2      | Reached XP level 4. HP: 34/41 MP: 3/3
   997 | D:2      | Noticed Natasha
  1004 | D:2      | Killed Natasha
  1111 | D:2      | Noticed Natasha
  1114 | D:2      | Killed Natasha
  1114 | D:2      | Reached skill level 5 in Fighting
  1297 | D:3      | Reached XP level 5. HP: 40/48 MP: 4/4
  1681 | D:3      | Noticed Jessica
  1685 | D:3      | Killed Jessica
  1870 | D:3      | Reached skill level 5 in Axes
  1927 | D:4      | HP: 2/49 [worm (5)]
  1927 | D:4      | Killed from afar by an orc priest

Skill      XL: |  1  2  3  4  5 |
---------------+----------------+-----
Axes           | 3 4 5 |  5.0
Fighting       | 4 5 |  5.6
Armour         | 4 |  4.6
Shields        | |  3.6

Action                   |  1- 3 |  4- 6 || total
-------------------------+-------+-------++-------
Melee: War axe           |    67 |    62 ||   129
       Headbutt          |    10 |    11 ||    21
  Use: Scroll            |     1 |     2 ||     3
       Potion            |       |     1 ||     1
  Eat: Chunk             |       |     3 ||     3
Armor: Scale mail        |    36 |    27 ||    63
Dodge: Dodged            |    21 |    23 ||    44
Block: Shield            |    29 |    26 ||    55
